Atomiques vs Thunder
Created - 10 janvier 2015 at 19:04
Goals
|
| Atomiques |
1 |
2 |
5 |
8 |
| Thunder |
0 |
3 |
0 |
3 |
|
Shots
|
| Atomiques |
18 |
7 |
14 |
39 |
| Thunder |
5 |
13 |
4 |
22 |
|
1st period
1. Atomiques , Andrew Kozek 8 (Brett Sutter, Nick Johnson) at 2:35
Penalties :
Ryan Shannon (STB) for Diving (Minor) at 0:13, Tyler Brenner (STB) for Tripping (Minor) at 15:34
2nd period
2. Thunder , Samuel Pahlsson 28 (Dany Roussin, Derek Peltier) at 0:14
3. Atomiques , Brett Sutter 4 (Andrew Kozek, Kyle Wharton) at 8:06
4. Atomiques , Nick Johnson 8 (Kenndal McArdle, Marc-André Cliche) at 10:28
5. Thunder , Samuel Pahlsson 29 (Dany Roussin, Pierre-Alexandre Parenteau) at 12:13 (PP)
6. Thunder , Dany Roussin 15 (Samuel Pahlsson) at 17:30 (PP)
Penalties :
Kenndal McArdle (STB) for High sticking (Minor) at 2:27, Matt D'Agostini (TRO) for Holding (Minor) at 5:03, Clayton Stoner (STB) for Tripping (Minor) at 11:52, Tyler Brenner (STB) for Hooking (Minor) at 17:24, Derek Peltier (TRO) for Delaying the game (Minor) at 17:43
3rd period
7. Atomiques , Brad Winchester 23 (Logan Couture, Ryan Shannon) at 0:47 (PP)
8. Atomiques , Andrew Kozek 9 (Scott Jackson, Ryan Shannon) at 3:18 (SH)
9. Atomiques , Linus Omark 11 (John Zeiler, Alex Auld) at 7:08
10. Atomiques , Logan Couture 30 (Brad Winchester, Ryan Shannon) at 7:43 (PP)
11. Atomiques , Ryan Shannon 21 (Scott Jackson, Brad Winchester) at 10:40
Penalties :
Matt D'Agostini (TRO) for Delaying the game (Minor) at 0:32, Tyler Brenner (STB) for Charging (Double Minor) at 1:16, Robin Leblanc (TRO) for Hooking (Minor) at 7:33, Ryan Shannon (STB) for Hooking (Minor) at 12:31
Goalie Stats
Alex Auld (STB), 19 saves from 22 shots - (0,864), W, 19-8-0, 60:00 minutes
Devan Dubnyk (TRO), 8 saves from 10 shots - (0,800), 12:52 minutes
Mark Dekanich (TRO), 23 saves from 29 shots - (0,793), L, 1-14-1, 47:08 minutes
Players Stats for Atomiques
Player Name G A P +/- PIM S H SB GA TA FO MP PP MP PK MP
------------------------------------------------------------------------------------
Andrew Kozek 2 1 3 3 0 2 2 0 2 0 0/1 10:18 0:00 3:02
Anthony Nigro 0 0 0 0 0 0 0 0 0 0 0/0 0:00 0:00 0:00
Brad Winchester 1 2 3 1 0 6 3 2 1 1 6/10 24:40 2:08 6:56
Brett Sutter 1 1 2 2 0 5 0 0 0 0 4/6 8:08 0:00 0:34
Casey Borer 0 0 0 3 0 2 2 0 0 0 0/0 21:26 2:01 4:54
Clayton Stoner 0 0 0 1 2 2 0 0 1 1 0/0 27:24 2:22 7:07
Drew Larman 0 0 0 0 0 0 0 0 0 0 0/0 0:00 0:00 0:00
John McCarthy 0 0 0 0 0 0 0 0 0 0 0/0 0:00 0:00 0:00
John Zeiler 0 1 1 -1 0 3 0 0 0 0 0/0 12:56 1:51 0:00
Kenndal McArdle 0 1 1 2 2 0 1 0 0 0 0/0 8:50 0:00 0:00
Kyle Wharton 0 1 1 1 0 2 1 0 1 1 0/0 27:46 2:22 7:28
Linus Omark 1 0 1 -1 0 5 1 0 2 0 1/1 20:10 1:51 6:54
Logan Couture 1 1 2 1 0 1 0 1 1 0 8/23 22:29 2:32 3:51
Mac Bennett 0 0 0 1 0 1 1 0 0 0 0/0 11:09 0:00 0:21
Marc-André Cliche 0 1 1 2 0 2 0 0 0 0 3/5 8:31 0:00 0:00
Mike Halmo 0 0 0 1 0 0 0 0 0 0 0/0 1:04 0:00 1:04
Mitch Callahan 0 0 0 2 0 0 2 0 0 0 1/1 7:02 0:00 0:00
Nick Johnson 1 1 2 2 0 2 1 0 1 0 0/0 8:55 0:24 0:00
Roman Polak 0 0 0 1 0 0 0 0 0 0 0/0 10:48 0:00 0:00
Ryan Shannon 1 3 4 1 4 2 0 1 0 1 2/3 20:59 2:32 2:23
Scott Jackson 0 2 2 3 0 3 0 0 0 0 0/0 21:26 2:01 4:54
Tyler Brenner 0 0 0 -1 8 1 0 0 0 0 2/11 13:30 1:51 0:00
Players Stats for Thunder
Player Name G A P +/- PIM S H SB GA TA FO MP PP MP PK MP
------------------------------------------------------------------------------------
Brandon Mashinter 0 0 0 -4 0 0 2 0 0 1 3/5 9:48 0:20 0:00
Brett Festerling 0 0 0 -2 0 0 0 0 0 0 0/0 6:02 1:28 1:10
Colby Cohen 0 0 0 0 0 0 0 0 0 0 0/0 0:00 0:00 0:00
Dany Roussin 1 2 3 1 0 2 1 0 1 0 1/2 26:34 6:44 2:07
Daultan Leveillé 0 0 0 -2 0 2 1 0 0 0 2/4 11:54 0:00 1:09
David Fischer 0 0 0 -1 0 0 0 0 0 0 0/0 5:51 0:00 0:00
Derek Peltier 0 1 1 -2 2 2 0 2 0 1 0/0 23:00 5:27 0:00
Doug Janik 0 0 0 -2 0 0 0 0 0 0 0/0 20:09 4:45 1:31
Jannik Hansen 0 0 0 -3 0 0 3 0 0 0 0/0 12:35 0:20 0:10
Jeff Finger 0 0 0 -1 0 3 3 1 1 1 0/0 27:24 7:37 2:49
Jesse Blacker 0 0 0 0 0 0 0 0 0 0 0/0 0:12 0:00 0:00
Joey Ryan 0 0 0 -1 0 0 2 1 0 0 0/0 9:48 0:00 2:18
Kelly Zajac 0 0 0 0 0 0 0 0 0 0 0/0 0:00 0:00 0:00
Kevin Montgomery 0 0 0 0 0 0 0 0 0 0 0/0 0:00 0:00 0:00
Mat Clark 0 0 0 0 0 0 0 0 0 0 0/0 0:00 0:00 0:00
Matt D'Agostini 0 0 0 -2 4 2 1 0 1 3 0/0 19:53 5:18 0:28
Pierre-Alexandre Parente 0 1 1 1 0 2 1 0 1 0 0/1 21:04 6:44 1:04
Ray Macias 0 0 0 -2 0 0 0 1 0 0 0/0 18:59 4:44 1:09
Robin Leblanc 0 0 0 -2 2 1 3 0 0 1 0/0 22:16 5:18 0:00
Samuel Pahlsson 2 1 3 0 0 7 2 0 0 1 22/34 25:55 6:46 2:08
Slava Voynov 0 0 0 -1 0 0 0 0 0 0 0/0 7:44 0:00 0:43
Taylor Doherty 0 0 0 0 0 0 0 0 0 0 0/0 0:00 0:00 0:00
Tim Gleason 0 0 0 0 0 0 0 2 0 0 0/0 5:17 1:01 0:00
Tom Pyatt 0 0 0 -2 0 1 0 0 0 1 6/15 21:08 5:18 0:46
3 Stars
1 - Andrew Kozek (STB)
2 - Samuel Pahlsson (TRO)
3 - Brad Winchester (STB)
Power Play
Atomiques - 2 on 4 Attempt(s) - 50,00%
Thunder - 2 on 8 Attempt(s) - 25,00%
Penalty Kill
Atomiques - 6 on 8 Attempt(s) - 75,00%
- Score 1 goal in Penalty Kill
Thunder - 2 on 4 Attempt(s) - 50,00%
- Score 0 goal in Penalty Kill
Official
Referees : Devorski Paul and LaRue Dennis
Linesman : Greg Devorski and David Brisebois
Game Notes
6:53 of 1st period - Thunder goal is going for a video replay. After video review, No Goal. The puck has been kicked using a distinct kicking motion.
Tim Gleason is injured at 15:21 of 1st period (Torn Left Knee Ligaments)
Devan Dubnyk enters game at 7:08 of 3rd period
Finance
Level 1 -- Attendance: 1398 (69,90%) -- Ticket Income 48 930 $
Level 2 -- Attendance: 655 (65,50%) -- Ticket Income 9 825 $
Total Attendance: 2053 (68,43%)
Total Ticket Income: 58 755 $
Other Income: 2 938 $
Total Income: 61 693 $
Atomiques
5 vs 5 Forward
Center Left Wing Right Wing Time % Phy DF OF
1 Logan Couture Brad Winchester Ryan Shannon 40 1 2 2
2 Tyler Brenner Linus Omark John Zeiler 30 1 2 2
3 Marc-André Cliche Kenndal McArdle Nick Johnson 20 1 2 2
4 Brett Sutter Andrew Kozek Mitch Callahan 10 1 2 2
5 vs 5 Defense
Defense Defense Time % Phy DF OF
1 Clayton Stoner Kyle Wharton 40 1 2 2
2 Casey Borer Scott Jackson 30 1 2 2
3 Roman Polak Mac Bennett 20 1 2 2
4 Clayton Stoner Kyle Wharton 10 1 2 2
PowerPlay Forward
Center Left Wing Right Wing Time % Phy DF OF
1 Logan Couture Brad Winchester Ryan Shannon 60 1 2 2
2 Tyler Brenner Linus Omark John Zeiler 40 1 2 2
PowerPlay Defense
Defense Defense Time % Phy DF OF
1 Clayton Stoner Kyle Wharton 60 1 2 2
2 Casey Borer Scott Jackson 40 1 2 2
Penalty Kill 4 Players Forward
Center Wing Time % Phy DF OF
1 Brad Winchester Linus Omark 60 1 2 2
2 Ryan Shannon Logan Couture 40 1 2 2
Penalty Kill 4 Players Defense
Defense Defense Time % Phy DF OF
1 Clayton Stoner Kyle Wharton 60 1 2 2
2 Casey Borer Scott Jackson 40 1 2 2
Penalty Kill - 3 Players Forward
Forward Time % Phy DF OF
1 Brad Winchester 60 1 2 2
2 Linus Omark 40 1 2 2
Penalty Kill - 3 Players Defense
Defense Defense Time % Phy DF OF
1 Clayton Stoner Kyle Wharton 60 1 2 2
2 Casey Borer Scott Jackson 40 1 2 2
4 vs 4 Forward
Center Wing Time % Phy DF OF
1 Brad Winchester Linus Omark 60 1 2 2
2 Ryan Shannon Logan Couture 40 1 2 2
4 vs 4 Defense
Defense Defense Time % Phy DF OF
1 Clayton Stoner Kyle Wharton 60 1 2 2
2 Casey Borer Scott Jackson 40 1 2 2
Last Minutes Offensive
Center Left Wing Right Wing Defense Defense
Logan Couture Brad Winchester Ryan Shannon Clayton Stoner Kyle Wharton
Last Minutes Defensive
Center Left Wing Right Wing Defense Defense
Logan Couture Brad Winchester Ryan Shannon Clayton Stoner Kyle Wharton
Goaltenders
Starting : Alex Auld
Backup : Curtis McElhinney
Extra Forwards
Normal : Nick Johnson, Kenndal McArdle, Andrew Kozek - PP : Nick Johnson, Kenndal McArdle - PK : Andrew Kozek
Extra Defensemen
Normal : Roman Polak, Mac Bennett, Casey Borer - PP : Roman Polak - PK : Mac Bennett, Casey Borer
Penalty Shots
Brad Winchester, Linus Omark, Ryan Shannon, Logan Couture, John Zeiler
Thunder
5 vs 5 Forward
Center Left Wing Right Wing Time % Phy DF OF
1 Samuel Pahlsson Dany Roussin Pierre-Alexandre Parentea40 1 2 2
2 Tom Pyatt Robin Leblanc Matt D'Agostini 30 1 2 2
3 Brandon Mashinter Samuel Pahlsson Robin Leblanc 20 1 2 2
4 Daultan Leveillé Dany Roussin Jannik Hansen 10 1 2 2
5 vs 5 Defense
Defense Defense Time % Phy DF OF
1 Tim Gleason Jeff Finger 40 1 2 2
2 Doug Janik Ray Macias 30 1 2 2
3 Derek Peltier Joey Ryan 20 1 2 2
4 Slava Voynov David Fischer 10 1 2 2
PowerPlay Forward
Center Left Wing Right Wing Time % Phy DF OF
1 Samuel Pahlsson Dany Roussin Pierre-Alexandre Parentea60 1 2 2
2 Tom Pyatt Robin Leblanc Matt D'Agostini 40 1 2 2
PowerPlay Defense
Defense Defense Time % Phy DF OF
1 Tim Gleason Jeff Finger 60 1 2 2
2 Doug Janik Ray Macias 40 1 2 2
Penalty Kill 4 Players Forward
Center Wing Time % Phy DF OF
1 Samuel Pahlsson Dany Roussin 60 1 2 2
2 Pierre-Alexandre ParenteaMatt D'Agostini 40 1 2 2
Penalty Kill 4 Players Defense
Defense Defense Time % Phy DF OF
1 Tim Gleason Jeff Finger 60 1 2 2
2 Doug Janik Ray Macias 40 1 2 2
Penalty Kill - 3 Players Forward
Forward Time % Phy DF OF
1 Samuel Pahlsson 60 1 2 2
2 Dany Roussin 40 1 2 2
Penalty Kill - 3 Players Defense
Defense Defense Time % Phy DF OF
1 Tim Gleason Jeff Finger 60 1 2 2
2 Doug Janik Ray Macias 40 1 2 2
4 vs 4 Forward
Center Wing Time % Phy DF OF
1 Samuel Pahlsson Dany Roussin 60 1 2 2
2 Pierre-Alexandre ParenteaMatt D'Agostini 40 1 2 2
4 vs 4 Defense
Defense Defense Time % Phy DF OF
1 Tim Gleason Jeff Finger 60 1 2 2
2 Doug Janik Ray Macias 40 1 2 2
Last Minutes Offensive
Center Left Wing Right Wing Defense Defense
Samuel Pahlsson Dany Roussin Pierre-Alexandre ParenteaTim Gleason Jeff Finger
Last Minutes Defensive
Center Left Wing Right Wing Defense Defense
Samuel Pahlsson Dany Roussin Pierre-Alexandre ParenteaTim Gleason Jeff Finger
Goaltenders
Starting : Mark Dekanich
Backup : Devan Dubnyk
Extra Forwards
Normal : Jannik Hansen, Brandon Mashinter, Daultan Leveillé - PP : Jannik Hansen, Brandon Mashinter - PK : Daultan Leveillé
Extra Defensemen
Normal : Derek Peltier, Joey Ryan, Slava Voynov - PP : Derek Peltier - PK : Joey Ryan, Slava Voynov
Penalty Shots
Samuel Pahlsson, Dany Roussin, Pierre-Alexandre Parenteau, Matt D'Agostini, Tom Pyatt
% Time on Ice - Atomiques
Lines # - Real PCT - Wanted PCT - Time Play
Normal Forward
1 - 36% - 40% - 15:47
2 - 28% - 30% - 11:55
3 - 20% - 20% - 8:31
4 - 16% - 10% - 7:02
Normal Defense
1 - 41% - 40% - 17:43
2 - 34% - 30% - 14:31
3 - 25% - 20% - 10:48
4 - 1% - 10% - 0:13
PP Forward
1 - 58% - 60% - 2:32
2 - 42% - 40% - 1:51
PP Defense
1 - 54% - 60% - 2:22
2 - 46% - 40% - 2:01
PK Forward
1 - 69% - 60% - 8:31
2 - 31% - 40% - 3:51
PK Defense
1 - 60% - 60% - 7:28
2 - 40% - 40% - 4:54
PK3 Forward
1 - 0% - 60%
2 - 0% - 40%
PK3 Defense
1 - 0% - 60%
2 - 0% - 40%
44 Forward
1 - 0% - 60%
2 - 0% - 40%
44 Defense
1 - 0% - 60%
2 - 0% - 40%
Last Minute Offensive - 0:00
Last Minute Defensive - 0:00
Total
Forward - 60:00
Defense - 60:00
|
% Time on Ice - Thunder
Lines # - Real PCT - Wanted PCT - Time Play
Normal Forward
1 - 32% - 40% - 14:01
2 - 33% - 30% - 14:25
3 - 12% - 20% - 5:17
4 - 22% - 10% - 9:32
Normal Defense
1 - 41% - 40% - 17:45
2 - 30% - 30% - 13:06
3 - 15% - 20% - 6:33
4 - 14% - 10% - 5:51
PP Forward
1 - 57% - 60% - 7:03
2 - 43% - 40% - 5:19
PP Defense
1 - 62% - 60% - 7:38
2 - 38% - 40% - 4:44
PK Forward
1 - 76% - 60% - 3:19
2 - 24% - 40% - 1:04
PK Defense
1 - 74% - 60% - 3:14
2 - 26% - 40% - 1:09
PK3 Forward
1 - 0% - 60%
2 - 0% - 40%
PK3 Defense
1 - 0% - 60%
2 - 0% - 40%
44 Forward
1 - 0% - 60%
2 - 0% - 40%
44 Defense
1 - 0% - 60%
2 - 0% - 40%
Last Minute Offensive - 0:00
Last Minute Defensive - 0:00
Total
Forward - 60:00
Defense - 60:00
|
Play by Play
1st period
0:01 of 1st period - Samuel Pahlsson wins face-off versus Logan Couture in neutral zone.
0:13 of 1st period - Minor Penalty to Ryan Shannon for Diving.
0:14 of 1st period - Brad Winchester wins face-off versus Samuel Pahlsson in Atomiques zone.
0:24 of 1st period - Wrist shot by Brad Winchester.
0:24 of 1st period - Stopped by Mark Dekanich with a rebound.
0:26 of 1st period - Slapshot by Linus Omark.
0:26 of 1st period - Stopped by Mark Dekanich with a rebound.
0:28 of 1st period - Wrist shot by Kyle Wharton.
0:28 of 1st period - Stopped by Mark Dekanich with a rebound.
0:30 of 1st period - Slapshot by Kyle Wharton.
0:30 of 1st period - Deflect By Tim Gleason.
0:30 of 1st period - Stopped by Mark Dekanich without a rebound.
0:31 of 1st period - Tom Pyatt wins face-off versus Andrew Kozek in Thunder zone.
2:13 of 1st period - Penalty to Ryan Shannon is over, Ryan Shannon is back on ice.
2:29 of 1st period - Snap shot by Nick Johnson.
2:29 of 1st period - Stopped by Mark Dekanich with a rebound.
2:31 of 1st period - Wrist shot by Brett Sutter.
2:31 of 1st period - Stopped by Mark Dekanich with a rebound.
2:33 of 1st period - Wrist shot by Andrew Kozek.
2:33 of 1st period - Shot Blocked by Joey Ryan.
2:35 of 1st period - Snap shot by Andrew Kozek.
2:35 of 1st period - Goal by Andrew Kozek - Atomiques : 1 - Thunder : 0.
2:36 of 1st period - Tom Pyatt wins face-off versus Logan Couture in neutral zone.
2:45 of 1st period - Slapshot by Matt D'Agostini.
2:45 of 1st period - Deflect By Brad Winchester.
2:45 of 1st period - Shot Blocked by Ryan Shannon.
2:45 of 1st period - Puck is out of play.
2:46 of 1st period - Logan Couture wins face-off versus Tom Pyatt in Atomiques zone.
3:48 of 1st period - Wrist shot by Ryan Shannon.
3:48 of 1st period - Shot Misses the Net.
4:04 of 1st period - Snap shot by Ryan Shannon.
4:04 of 1st period - Stopped by Mark Dekanich with a rebound.
4:06 of 1st period - Wrist shot by Logan Couture.
4:06 of 1st period - Shot Misses the Net.
4:40 of 1st period - Snap shot by Matt D'Agostini.
4:40 of 1st period - Stopped by Alex Auld with a rebound.
5:37 of 1st period - Wrist shot by Ryan Shannon.
5:37 of 1st period - Shot Misses the Net.
5:41 of 1st period - Wrist shot by Brad Winchester.
5:41 of 1st period - Shot Hit the Post.
5:43 of 1st period - Wrist shot by Ryan Shannon.
5:43 of 1st period - Shot Misses the Net.
5:45 of 1st period - Wrist shot by Brad Winchester.
5:45 of 1st period - Shot Misses the Net.
5:47 of 1st period - Snap shot by Brad Winchester.
5:47 of 1st period - Stopped by Mark Dekanich with a rebound.
5:49 of 1st period - Slapshot by Casey Borer.
5:49 of 1st period - Shot Misses the Net.
5:51 of 1st period - Slapshot by Scott Jackson.
5:51 of 1st period - Stopped by Mark Dekanich without a rebound.
5:52 of 1st period - Samuel Pahlsson wins face-off versus Tyler Brenner in Thunder zone.
6:01 of 1st period - Wrist shot by Samuel Pahlsson.
6:01 of 1st period - Stopped by Alex Auld without a rebound.
6:02 of 1st period - Samuel Pahlsson wins face-off versus Tyler Brenner in Atomiques zone.
6:07 of 1st period - Slapshot by Dany Roussin.
6:07 of 1st period - Shot Misses the Net.
6:37 of 1st period - Wrist shot by Samuel Pahlsson.
6:37 of 1st period - Stopped by Alex Auld with a rebound.
6:39 of 1st period - Slapshot by Pierre-Alexandre Parenteau.
6:39 of 1st period - Shot Misses the Net.
6:49 of 1st period - Slapshot by Dany Roussin.
6:49 of 1st period - Shot Misses the Net.
6:53 of 1st period - Wrist shot by Pierre-Alexandre Parenteau.
6:53 of 1st period - Thunder goal is going for a video replay.
6:53 of 1st period - The goal is refused. The puck has been kicked using a distinct kicking motion..
6:54 of 1st period - Daultan Leveillé wins face-off versus Marc-André Cliche in Atomiques zone.
6:59 of 1st period - Wrist shot by Daultan Leveillé.
6:59 of 1st period - Stopped by Alex Auld without a rebound.
7:00 of 1st period - Daultan Leveillé wins face-off versus Marc-André Cliche in Atomiques zone.
8:27 of 1st period - Brett Festerling is hit by Mac Bennett and loses puck.
8:35 of 1st period - Icing by Brandon Mashinter.
8:36 of 1st period - Brett Sutter wins face-off versus Brandon Mashinter in Thunder zone.
8:43 of 1st period - Snap shot by Brett Sutter.
8:43 of 1st period - Deflect By Andrew Kozek.
8:43 of 1st period - Shot Misses the Net.
8:43 of 1st period - Puck is out of play.
8:44 of 1st period - Samuel Pahlsson wins face-off versus Brett Sutter in Thunder zone.
8:44 of 1st period - Samuel Pahlsson is hit by Mitch Callahan.
8:54 of 1st period - Snap shot by Samuel Pahlsson.
8:54 of 1st period - Shot Misses the Net.
9:00 of 1st period - Slapshot by Brett Sutter.
9:00 of 1st period - Stopped by Mark Dekanich with a rebound.
9:02 of 1st period - Slapshot by Mac Bennett.
9:02 of 1st period - Stopped by Mark Dekanich without a rebound.
9:03 of 1st period - Tyler Brenner wins face-off versus Daultan Leveillé in Thunder zone.
9:08 of 1st period - Snap shot by John Zeiler.
9:08 of 1st period - Deflect By Linus Omark.
9:08 of 1st period - Stopped by Mark Dekanich without a rebound.
9:09 of 1st period - Samuel Pahlsson wins face-off versus Tyler Brenner in Thunder zone.
10:38 of 1st period - Backhand shot by John Zeiler.
10:38 of 1st period - Shot Misses the Net.
11:28 of 1st period - Marc-André Cliche is hit by Daultan Leveillé and loses puck.
12:59 of 1st period - Icing by Dany Roussin.
13:00 of 1st period - Tom Pyatt wins face-off versus Tyler Brenner in Thunder zone.
13:29 of 1st period - Derek Peltier is hit by Kyle Wharton and loses puck.
14:22 of 1st period - Jeff Finger is hit by Casey Borer and loses puck.
15:07 of 1st period - Snap shot by Linus Omark.
15:07 of 1st period - Stopped by Mark Dekanich without a rebound.
15:08 of 1st period - Logan Couture wins face-off versus Samuel Pahlsson in Thunder zone.
15:09 of 1st period - Snap shot by Brad Winchester.
15:09 of 1st period - Stopped by Mark Dekanich without a rebound.
15:10 of 1st period - Logan Couture wins face-off versus Tom Pyatt in Thunder zone.
15:11 of 1st period - Wrist shot by Brad Winchester.
15:11 of 1st period - Shot Misses the Net.
15:13 of 1st period - Wrist shot by Brad Winchester.
15:13 of 1st period - Shot Misses the Net.
15:15 of 1st period - Snap shot by Logan Couture.
15:15 of 1st period - Shot Blocked by Tim Gleason.
15:17 of 1st period - Slapshot by Kyle Wharton.
15:17 of 1st period - Shot Misses the Net.
15:19 of 1st period - Slapshot by Clayton Stoner.
15:19 of 1st period - Deflect By Tim Gleason.
15:19 of 1st period - Stopped by Mark Dekanich with a rebound.
15:21 of 1st period - Slapshot by Logan Couture.
15:21 of 1st period - Shot Blocked by Tim Gleason.
15:21 of 1st period - Tim Gleason from Thunder is injured at 15:21 of 1st period (Torn Left Knee Ligaments).
15:22 of 1st period - Brandon Mashinter wins face-off versus Tyler Brenner in Thunder zone.
15:34 of 1st period - Minor Penalty to Tyler Brenner for Tripping.
15:35 of 1st period - Samuel Pahlsson wins face-off versus Brad Winchester in Atomiques zone.
17:08 of 1st period - Kyle Wharton is hit by Jeff Finger and loses puck.
17:34 of 1st period - Penalty to Tyler Brenner is over, Tyler Brenner is back on ice.
17:35 of 1st period - Clayton Stoner is hit by Brandon Mashinter and loses puck.
18:54 of 1st period - Slapshot by Marc-André Cliche.
18:54 of 1st period - Shot Misses the Net.
18:56 of 1st period - Snap shot by Marc-André Cliche.
18:56 of 1st period - Stopped by Mark Dekanich without a rebound.
18:57 of 1st period - Marc-André Cliche wins face-off versus Samuel Pahlsson in Thunder zone.
19:00 of 1st period - Wrist shot by Marc-André Cliche.
19:00 of 1st period - Stopped by Mark Dekanich with a rebound.
19:25 of 1st period - Icing by Brad Winchester.
19:26 of 1st period - Samuel Pahlsson wins face-off versus Logan Couture in Atomiques zone.
Goals for this period are 1 for Atomiques vs 0 for Thunder.
Shots for this period are 18 for Atomiques vs 5 for Thunder.
2nd period
0:01 of 2nd period - Samuel Pahlsson wins face-off versus Tyler Brenner in neutral zone.
0:04 of 2nd period - Slapshot by Samuel Pahlsson.
0:04 of 2nd period - Shot Misses the Net.
0:14 of 2nd period - Snap shot by Samuel Pahlsson.
0:14 of 2nd period - Goal by Samuel Pahlsson - Atomiques : 1 - Thunder : 1.
0:15 of 2nd period - Logan Couture wins face-off versus Samuel Pahlsson in neutral zone.
0:17 of 2nd period - Off-side.
0:18 of 2nd period - Dany Roussin wins face-off versus Logan Couture in neutral zone.
0:47 of 2nd period - Linus Omark is hit by Robin Leblanc and loses puck.
1:28 of 2nd period - Wrist shot by Samuel Pahlsson.
1:28 of 2nd period - Shot Hit the Post.
2:19 of 2nd period - Slapshot by Samuel Pahlsson.
2:19 of 2nd period - Stopped by Alex Auld with a rebound.
2:27 of 2nd period - Minor Penalty to Kenndal McArdle for High sticking.
2:28 of 2nd period - Samuel Pahlsson wins face-off versus Brad Winchester in Atomiques zone.
2:55 of 2nd period - Tom Pyatt is hit by Brad Winchester and loses puck.
3:41 of 2nd period - Icing by Ray Macias.
3:42 of 2nd period - Ryan Shannon wins face-off versus Samuel Pahlsson in Thunder zone.
4:24 of 2nd period - Samuel Pahlsson is hit by Linus Omark and loses puck.
4:27 of 2nd period - Penalty to Kenndal McArdle is over, Kenndal McArdle is back on ice.
4:44 of 2nd period - Wrist shot by Brad Winchester.
4:44 of 2nd period - Shot Blocked by Jeff Finger.
4:46 of 2nd period - Slapshot by Kenndal McArdle.
4:46 of 2nd period - Deflect By Brad Winchester.
4:46 of 2nd period - Shot Blocked by Derek Peltier.
4:46 of 2nd period - Puck is out of play.
4:47 of 2nd period - Mitch Callahan wins face-off versus Tom Pyatt in Thunder zone.
5:03 of 2nd period - Minor Penalty to Matt D'Agostini for Holding.
5:04 of 2nd period - Samuel Pahlsson wins face-off versus Logan Couture in Thunder zone.
7:03 of 2nd period - Penalty to Matt D'Agostini is over, Matt D'Agostini is back on ice.
7:09 of 2nd period - Wrist shot by Matt D'Agostini.
7:09 of 2nd period - Stopped by Alex Auld without a rebound.
7:10 of 2nd period - Marc-André Cliche wins face-off versus Tom Pyatt in Atomiques zone.
7:10 of 2nd period - Marc-André Cliche is hit by Joey Ryan.
7:22 of 2nd period - Slapshot by Kenndal McArdle.
7:22 of 2nd period - Shot Misses the Net.
7:24 of 2nd period - Slapshot by Clayton Stoner.
7:24 of 2nd period - Stopped by Mark Dekanich with a rebound.
7:53 of 2nd period - Snap shot by Tom Pyatt.
7:53 of 2nd period - Shot Misses the Net.
8:06 of 2nd period - Wrist shot by Brett Sutter.
8:06 of 2nd period - Goal by Brett Sutter - Atomiques : 2 - Thunder : 1.
8:07 of 2nd period - Ryan Shannon wins face-off versus Samuel Pahlsson in neutral zone.
8:30 of 2nd period - Ryan Shannon is hit by Samuel Pahlsson and loses puck.
8:37 of 2nd period - Snap shot by Samuel Pahlsson.
8:37 of 2nd period - Stopped by Alex Auld without a rebound.
8:38 of 2nd period - Tom Pyatt wins face-off versus Tyler Brenner in Atomiques zone.
9:01 of 2nd period - Ray Macias is hit by Kenndal McArdle and loses puck.
9:33 of 2nd period - Slapshot by Jeff Finger.
9:33 of 2nd period - Deflect By Clayton Stoner.
9:33 of 2nd period - Stopped by Alex Auld with a rebound.
10:02 of 2nd period - Samuel Pahlsson is hit by Andrew Kozek and loses puck.
10:28 of 2nd period - Wrist shot by Nick Johnson.
10:28 of 2nd period - Goal by Nick Johnson - Atomiques : 3 - Thunder : 1.
10:29 of 2nd period - Samuel Pahlsson wins face-off versus Logan Couture in neutral zone.
10:43 of 2nd period - Wrist shot by Logan Couture.
10:43 of 2nd period - Shot Misses the Net.
10:45 of 2nd period - Slapshot by Casey Borer.
10:45 of 2nd period - Deflect By Logan Couture.
10:45 of 2nd period - Deflect By Jeff Finger.
10:45 of 2nd period - Shot Misses the Net.
10:45 of 2nd period - Puck is out of play.
10:46 of 2nd period - Samuel Pahlsson wins face-off versus Tyler Brenner in Thunder zone.
11:30 of 2nd period - Jeff Finger is hit by Casey Borer and loses puck.
11:41 of 2nd period - Wrist shot by Dany Roussin.
11:41 of 2nd period - Stopped by Alex Auld with a rebound.
11:43 of 2nd period - Snap shot by Jeff Finger.
11:43 of 2nd period - Stopped by Alex Auld with a rebound.
11:45 of 2nd period - Slapshot by Derek Peltier.
11:45 of 2nd period - Deflect By Ryan Shannon.
11:45 of 2nd period - Stopped by Alex Auld with a rebound.
11:47 of 2nd period - Slapshot by Jeff Finger.
11:47 of 2nd period - Deflect By Scott Jackson.
11:47 of 2nd period - Stopped by Alex Auld with a rebound.
11:49 of 2nd period - Snap shot by Daultan Leveillé.
11:49 of 2nd period - Stopped by Alex Auld without a rebound.
11:50 of 2nd period - Linus Omark wins face-off versus Brandon Mashinter in Atomiques zone.
11:52 of 2nd period - Minor Penalty to Clayton Stoner for Tripping.
11:53 of 2nd period - Brad Winchester wins face-off versus Samuel Pahlsson in Atomiques zone.
11:55 of 2nd period - Backhand shot by Pierre-Alexandre Parenteau.
11:55 of 2nd period - Shot Blocked by Brad Winchester.
11:57 of 2nd period - Slapshot by Jeff Finger.
11:57 of 2nd period - Deflect By Pierre-Alexandre Parenteau.
11:57 of 2nd period - Shot Misses the Net.
11:57 of 2nd period - Puck is out of play.
11:58 of 2nd period - Samuel Pahlsson wins face-off versus Brad Winchester in Atomiques zone.
12:01 of 2nd period - Slapshot by Pierre-Alexandre Parenteau.
12:01 of 2nd period - Shot Misses the Net.
12:11 of 2nd period - Snap shot by Dany Roussin.
12:11 of 2nd period - Shot Misses the Net.
12:13 of 2nd period - Snap shot by Samuel Pahlsson.
12:13 of 2nd period - Goal by Samuel Pahlsson - Atomiques : 3 - Thunder : 2.
12:14 of 2nd period - Samuel Pahlsson wins face-off versus Tyler Brenner in neutral zone.
12:30 of 2nd period - Off-side.
12:31 of 2nd period - Brandon Mashinter wins face-off versus Logan Couture in neutral zone.
12:42 of 2nd period - Clayton Stoner is hit by Samuel Pahlsson and loses puck.
13:48 of 2nd period - Wrist shot by John Zeiler.
13:48 of 2nd period - Stopped by Mark Dekanich with a rebound.
13:50 of 2nd period - Slapshot by Casey Borer.
13:50 of 2nd period - Stopped by Mark Dekanich with a rebound.
13:52 of 2nd period - Backhand shot by Tyler Brenner.
13:52 of 2nd period - Deflect By John Zeiler.
13:52 of 2nd period - Stopped by Mark Dekanich with a rebound.
13:56 of 2nd period - Slapshot by Linus Omark.
13:56 of 2nd period - Stopped by Mark Dekanich with a rebound.
14:36 of 2nd period - Icing by Derek Peltier.
14:37 of 2nd period - Tom Pyatt wins face-off versus Brett Sutter in Thunder zone.
14:47 of 2nd period - Snap shot by Brett Sutter.
14:47 of 2nd period - Shot Misses the Net.
14:49 of 2nd period - Snap shot by Brett Sutter.
14:49 of 2nd period - Shot Blocked by Derek Peltier.
17:02 of 2nd period - Off-side.
17:03 of 2nd period - Samuel Pahlsson wins face-off versus Logan Couture in neutral zone.
17:24 of 2nd period - Minor Penalty to Tyler Brenner for Hooking.
17:25 of 2nd period - Samuel Pahlsson wins face-off versus Brad Winchester in Atomiques zone.
17:30 of 2nd period - Snap shot by Dany Roussin.
17:30 of 2nd period - Goal by Dany Roussin - Atomiques : 3 - Thunder : 3.
17:31 of 2nd period - Samuel Pahlsson wins face-off versus Logan Couture in neutral zone.
17:34 of 2nd period - Slapshot by Derek Peltier.
17:34 of 2nd period - Shot Blocked by Logan Couture.
17:43 of 2nd period - Minor Penalty to Derek Peltier for Delaying the game.
17:44 of 2nd period - Samuel Pahlsson wins face-off versus Logan Couture in Thunder zone.
19:39 of 2nd period - Scott Jackson is hit by Jannik Hansen and loses puck.
19:43 of 2nd period - Penalty to Derek Peltier is over, Derek Peltier is back on ice.
19:54 of 2nd period - Slapshot by Derek Peltier.
19:54 of 2nd period - Stopped by Alex Auld with a rebound.
Goals for this period are 2 for Atomiques vs 3 for Thunder.
Shots for this period are 7 for Atomiques vs 13 for Thunder.
3rd period
0:01 of 3rd period - Samuel Pahlsson wins face-off versus Logan Couture in neutral zone.
0:27 of 3rd period - Snap shot by John Zeiler.
0:27 of 3rd period - Stopped by Mark Dekanich without a rebound.
0:28 of 3rd period - Tyler Brenner wins face-off versus Tom Pyatt in Thunder zone.
0:29 of 3rd period - Slapshot by John Zeiler.
0:29 of 3rd period - Deflect By Linus Omark.
0:29 of 3rd period - Shot Blocked by Ray Macias.
0:29 of 3rd period - Puck is out of play.
0:30 of 3rd period - Tom Pyatt wins face-off versus Logan Couture in Thunder zone.
0:32 of 3rd period - Minor Penalty to Matt D'Agostini for Delaying the game.
0:33 of 3rd period - Logan Couture wins face-off versus Samuel Pahlsson in Thunder zone.
0:47 of 3rd period - Backhand shot by Brad Winchester.
0:47 of 3rd period - Goal by Brad Winchester - Atomiques : 4 - Thunder : 3.
0:48 of 3rd period - Samuel Pahlsson wins face-off versus Logan Couture in neutral zone.
0:59 of 3rd period - Slapshot by Pierre-Alexandre Parenteau.
0:59 of 3rd period - Stopped by Alex Auld with a rebound.
1:16 of 3rd period - Double Minor Penalty to Tyler Brenner for Charging.
1:17 of 3rd period - Brad Winchester wins face-off versus Samuel Pahlsson in Atomiques zone.
1:17 of 3rd period - Brad Winchester is hit by Dany Roussin.
2:47 of 3rd period - Casey Borer is hit by Jeff Finger and loses puck.
3:18 of 3rd period - Snap shot by Andrew Kozek.
3:18 of 3rd period - Goal by Andrew Kozek - Atomiques : 5 - Thunder : 3.
3:19 of 3rd period - Brad Winchester wins face-off versus Dany Roussin in neutral zone.
3:42 of 3rd period - Linus Omark is hit by Robin Leblanc and loses puck.
3:47 of 3rd period - Snap shot by Tom Pyatt.
3:47 of 3rd period - Shot Blocked by Brad Winchester.
5:16 of 3rd period - Penalty to Tyler Brenner is over, Tyler Brenner is back on ice.
5:18 of 3rd period - Logan Couture is hit by Jannik Hansen and loses puck.
5:45 of 3rd period - Jannik Hansen is hit by Nick Johnson.
6:44 of 3rd period - Jannik Hansen is hit by Brad Winchester and loses puck.
7:08 of 3rd period - Snap shot by Linus Omark.
7:08 of 3rd period - Goal by Linus Omark - Atomiques : 6 - Thunder : 3.
7:08 of 3rd period - Devan Dubnyk enters game.
7:09 of 3rd period - Logan Couture wins face-off versus Samuel Pahlsson in neutral zone.
7:33 of 3rd period - Minor Penalty to Robin Leblanc for Hooking.
7:34 of 3rd period - Samuel Pahlsson wins face-off versus Logan Couture in Thunder zone.
7:39 of 3rd period - Snap shot by Brad Winchester.
7:39 of 3rd period - Stopped by Devan Dubnyk with a rebound.
7:41 of 3rd period - Snap shot by Logan Couture.
7:41 of 3rd period - Shot Misses the Net.
7:43 of 3rd period - Wrist shot by Logan Couture.
7:43 of 3rd period - Goal by Logan Couture - Atomiques : 7 - Thunder : 3.
7:44 of 3rd period - Samuel Pahlsson wins face-off versus Ryan Shannon in neutral zone.
8:25 of 3rd period - Wrist shot by Tyler Brenner.
8:25 of 3rd period - Stopped by Devan Dubnyk without a rebound.
8:26 of 3rd period - Marc-André Cliche wins face-off versus Tom Pyatt in Thunder zone.
8:51 of 3rd period - Logan Couture is hit by Pierre-Alexandre Parenteau.
9:08 of 3rd period - Slapshot by Tyler Brenner.
9:08 of 3rd period - Shot Misses the Net.
9:10 of 3rd period - Snap shot by Casey Borer.
9:10 of 3rd period - Shot Misses the Net.
9:12 of 3rd period - Slapshot by Casey Borer.
9:12 of 3rd period - Deflect By Jeff Finger.
9:12 of 3rd period - Stopped by Devan Dubnyk without a rebound.
9:13 of 3rd period - Brandon Mashinter wins face-off versus Logan Couture in Thunder zone.
9:13 of 3rd period - Brandon Mashinter is hit by Brad Winchester.
10:26 of 3rd period - Slapshot by Brett Sutter.
10:26 of 3rd period - Stopped by Devan Dubnyk without a rebound.
10:27 of 3rd period - Logan Couture wins face-off versus Tom Pyatt in Thunder zone.
10:32 of 3rd period - Snap shot by Logan Couture.
10:32 of 3rd period - Shot Misses the Net.
10:34 of 3rd period - Slapshot by Brad Winchester.
10:34 of 3rd period - Shot Misses the Net.
10:36 of 3rd period - Snap shot by Ryan Shannon.
10:36 of 3rd period - Shot Misses the Net.
10:38 of 3rd period - Slapshot by Brad Winchester.
10:38 of 3rd period - Shot Misses the Net.
10:40 of 3rd period - Slapshot by Scott Jackson.
10:40 of 3rd period - Deflect By Ryan Shannon.
10:40 of 3rd period - Goal by Ryan Shannon - Atomiques : 8 - Thunder : 3.
10:41 of 3rd period - Logan Couture wins face-off versus Samuel Pahlsson in neutral zone.
11:08 of 3rd period - Linus Omark is hit by Matt D'Agostini and loses puck.
11:15 of 3rd period - Wrist shot by Matt D'Agostini.
11:15 of 3rd period - Shot Hit the Post.
11:17 of 3rd period - Wrist shot by Matt D'Agostini.
11:17 of 3rd period - Deflect By Tom Pyatt.
11:17 of 3rd period - Deflect By Casey Borer.
11:17 of 3rd period - Stopped by Alex Auld with a rebound.
11:19 of 3rd period - Wrist shot by Robin Leblanc.
11:19 of 3rd period - Stopped by Alex Auld with a rebound.
11:37 of 3rd period - Scott Jackson is hit by Jannik Hansen and loses puck.
11:48 of 3rd period - Wrist shot by Brett Sutter.
11:48 of 3rd period - Stopped by Devan Dubnyk with a rebound.
11:50 of 3rd period - Slapshot by Scott Jackson.
11:50 of 3rd period - Stopped by Devan Dubnyk with a rebound.
11:52 of 3rd period - Slapshot by Scott Jackson.
11:52 of 3rd period - Stopped by Devan Dubnyk without a rebound.
11:53 of 3rd period - Brett Sutter wins face-off versus Tom Pyatt in Thunder zone.
12:18 of 3rd period - Kyle Wharton is hit by Joey Ryan and loses puck.
12:31 of 3rd period - Minor Penalty to Ryan Shannon for Hooking.
12:32 of 3rd period - Brad Winchester wins face-off versus Samuel Pahlsson in Atomiques zone.
12:45 of 3rd period - Wrist shot by Samuel Pahlsson.
12:45 of 3rd period - Stopped by Alex Auld without a rebound.
12:46 of 3rd period - Brad Winchester wins face-off versus Pierre-Alexandre Parenteau in Atomiques zone.
12:46 of 3rd period - Brad Winchester is hit by Jeff Finger.
12:52 of 3rd period - Snap shot by Brad Winchester.
12:52 of 3rd period - Stopped by Devan Dubnyk with a rebound.
14:31 of 3rd period - Penalty to Ryan Shannon is over, Ryan Shannon is back on ice.
15:25 of 3rd period - Samuel Pahlsson is hit by Mitch Callahan and loses puck.
15:44 of 3rd period - Linus Omark is hit by Brandon Mashinter and loses puck.
16:30 of 3rd period - Icing by Kenndal McArdle.
16:31 of 3rd period - Brett Sutter wins face-off versus Daultan Leveillé in Atomiques zone.
16:39 of 3rd period - Icing by Mitch Callahan.
16:40 of 3rd period - Brett Sutter wins face-off versus Tom Pyatt in Atomiques zone.
16:40 of 3rd period - Brett Sutter is hit by Robin Leblanc.
17:41 of 3rd period - Wrist shot by Brad Winchester.
17:41 of 3rd period - Shot Misses the Net.
18:59 of 3rd period - Matt D'Agostini is hit by Andrew Kozek and loses puck.
Goals for this period are 5 for Atomiques vs 0 for Thunder.
Shots for this period are 14 for Atomiques vs 4 for Thunder.
Output by the SimonT Hockey Simulator (STHS) for François Prévost -- Original Page W3C XHTML 1.0 Valid